 Dungeon Crawl Stone Soup version 0.22-a0-782-g038298e (webtiles) character file.

639 Hebeh the Conjurer (level 7, -10/36 HPs)
             Began as a Deep Elf Conjurer on July 19, 2018.
             Was an Initiate of Vehumet.
             Mangled by Menkaure (13 damage)
             ... on level 4 of the Dungeon.
             The game lasted 00:14:40 (4311 turns).

Hebeh the Conjurer (Deep Elf Conjurer)              Turns: 4311, Time: 00:14:41

Health: -10/36     AC:  2    Str:  5    XL:     7   Next: 25%
Magic:  0/17       EV: 13    Int: 22    God:    Vehumet [......]
Gold:   153        SH:  0    Dex: 15    Spells: 6/17 levels left

rFire    . . .     SeeInvis .   b - -1 hunting sling (curse)
rCold    . . .     Gourm    .   (no shield)
rNeg     . . .     Faith    .   v - +0 robe (curse)
rPois    +         Spirit   .   (no helmet)
rElec    .         Reflect  .   (no cloak)
rCorr    .         Harm     .   (no gloves)
MR       .....                  (no boots)
Stlth    ++........             (no amulet)
HPRegen  0.12/turn              j - ring of poison resistance
MPRegen  0.15/turn              (no ring)

@: very slightly contaminated
A: no striking features
a: Renounce Religion


You were on level 4 of the Dungeon.
You worshipped Vehumet.
Vehumet was noncommittal.
You were hungry.

You visited 2 branches of the dungeon, and saw 5 of its levels.

You collected 153 gold pieces.

Inventory:

Hand Weapons
 a - a +0 short sword
 b - a cursed -1 hunting sling (weapon)
 u - a cursed -3 short sword
 x - a +1 flail of protection
 A - a +0 hunting sling of velocity
Missiles
 d - 62 bolts
 e - 2 poisoned tomahawks
 g - 8 tomahawks
 r - 65 stones (quivered)
Armour
 f - a +1 robe
 v - a cursed +0 robe (worn)
Jewellery
 j - a ring of poison resistance (left hand)
 y - an uncursed ring of magical power {unknown}
 z - a +2 ring of evasion {unknown}
 B - an uncursed ring of see invisible {unknown}
 C - a cursed ring of teleportation {unknown}
Scrolls
 i - a scroll of amnesia
 l - a scroll of enchant weapon
 n - a scroll of teleportation
 s - 2 scrolls of immolation
 t - a scroll of enchant armour
 D - a scroll of remove curse {unknown}
 E - a scroll of blinking
 F - 2 scrolls of identify
Potions
 h - 2 potions of mutation
 k - a potion of resistance {unknown}
 m - a potion of curing {unknown}
 o - 3 potions of berserk rage {unknown}
 p - 2 potions of haste {unknown}
 q - a potion of brilliance {unknown}
 w - a potion of heal wounds {unknown}
Comestibles
 c - 5 rations
 G - 2 chunks of flesh


   Skills:
 - Level 2.4 Dodging
 - Level 2.4 Stealth
 + Level 5.9 Spellcasting
 * Level 7.6 Conjurations
 - Level 4.0 Translocations


You had 6 spell levels left.
You knew the following spells:

 Your Spells              Type           Power        Failure   Level  Hunger
a - Magic Dart            Conj           ####         1%          1    None
b - Iskenderun's Mystic   Conj           #####...     4%          4    ###....
c - Searing Ray           Conj           #####.       1%          2    None
d - Force Lance           Conj/Tloc      ####....     9%          4    ###....

Your spell library contained the following spells:

 Spells                   Type           Power        Failure   Level  Hunger
 Fulminant Prism          Conj/Hex       ###.......   19%         4    ###....
 Dazzling Spray           Conj/Hex       ###...       6%          3    #......


Dungeon Overview and Level Annotations

Branches:
Dungeon (4/15)             Temple (1/1) D:4

Altars:
Ashenzari
Cheibriados
Dithmenos
Elyvilon
Fedhas
Gozag
Kikubaaqudgha
Nemelex Xobeh
Okawaru
Qazlal
Sif Muna
Vehumet
Wu Jian
Zin

Annotations:
D:4 Eustachio, Menkaure


Message History

Menkaure casts a spell at you.
You struggle to resist.
Menkaure closely misses you.
Menkaure calls on the powers of darkness!
Your body is wracked with pain!
* * * LOW HITPOINT WARNING * * *
Menkaure calls on the powers of darkness!
Your body is wracked with pain!
* * * LOW HITPOINT WARNING * * *
Menkaure wails, "Why can't you leave me to my rest?"
Menkaure barely misses you.
Casting: Magic Dart (safe; 1% risk of failure)
Confirm with . or Enter, or press ? or * to list all spells.
Aiming: Magic Dart (safe; 1% risk of failure)
Press: ? - help, Shift-Dir - straight line, f/p - Menkaure
Aim: Menkaure (severely damaged, fast)
The magic dart hits Menkaure.
Menkaure is severely damaged.
Menkaure hits you!
You die...

#.# #### ### #.#.#
#.. ..# #.#.# ##.##
#.#
#.#.###.).#####.#
................###
..#.###...........#
.)#.####.#.###..#.#
...........# #..#.#
.........#.# #..@.#
.##.###..#.# ##'M##
.##.# #..#.# .....
.##.# #..#.#.......
.##.#
#....#%.♣.♣♣..
....# #.##.#....
..# ...## #.# ##.
♣. ..# .#. #.# #.
♣♣ .# #.#


You could see Menkaure.

Vanquished Creatures
  An ogre (D:4)
  A bullfrog (D:4)
  A howler monkey (D:4)
  A centaur skeleton (D:4)
  A bullfrog skeleton (D:4)
  3 hounds (D:4)
  An orc wizard (D:4)
  Jessica (D:3)
  Natasha (thrice) (D:4)
  A hound skeleton (D:4)
  7 adders
  4 gnolls (D:4)
  An ooze (D:2)
  An adder skeleton (D:4)
  2 dart slugs
  5 orcs
  2 ball pythons
  2 giant cockroaches (D:2)
  6 goblins
  A hobgoblin (D:2)
  3 jackals (D:4)
  4 bats
  4 frilled lizards
  6 kobolds
  3 rats
65 creatures vanquished.

Notes
Turn   | Place    | Note
-------+----------+-------------------------------------------
     0 | D:1      | Hebeh the Deep Elf Conjurer began the quest for the Orb.
     0 | D:1      | Reached XP level 1. HP: 10/10 MP: 6/6
   623 | D:2      | Reached XP level 2. HP: 15/15 MP: 5/8
   778 | D:2      | Found a shadowy altar of Dithmenos.
   782 | D:2      | Reached skill level 5 in Conjurations
   886 | D:2      | Reached XP level 3. HP: 9/19 MP: 2/10
  1075 | D:2      | Found a faded altar of an unknown god.
  1075 | D:2      | Found a glowing silver altar of Zin.
  1098 | D:2      | Found an ancient bone altar of Kikubaaqudgha.
  1273 | D:2      | Learned a level 2 spell: Searing Ray
  1274 | D:2      | Found a faded altar of an unknown god.
  1301 | D:2      | Found a sparkling altar of Nemelex Xobeh.
  1556 | D:2      | Found a faded altar of an unknown god.
  1683 | D:2      | Reached XP level 4. HP: 24/24 MP: 10/12
  1710 | D:2      | Learned a level 4 spell: Iskenderun's Mystic Blast
  1715 | D:2      | Learned a level 4 spell: Force Lance
  2171 | D:3      | Reached skill level 1 in Translocations
  2727 | D:3      | Noticed Jessica
  2729 | D:3      | Killed Jessica
  2878 | D:4      | Reached skill level 6 in Conjurations
  2902 | D:4      | Noticed a bullfrog
  2909 | D:4      | Killed a bullfrog
  2909 | D:4      | Reached XP level 5. HP: 26/28 MP: 4/14
  3262 | D:4      | Found a staircase to the Ecumenical Temple.
  3281 | D:4      | Noticed an ogre
  3287 | D:4      | Killed an ogre
  3287 | D:4      | Reached skill level 5 in Spellcasting
  3287 | D:4      | Reached XP level 6. HP: 15/32 MP: 8/15
  3459 | Temple   | Entered the Ecumenical Temple
  3518 | Temple   | Became a worshipper of Vehumet
  3690 | D:4      | Reached skill level 7 in Conjurations
  3742 | D:4      | Noticed Natasha
  3751 | D:4      | Killed Natasha
  3793 | D:4      | Noticed Natasha
  3798 | D:4      | Killed Natasha
  3800 | D:4      | Noticed Eustachio
  3958 | D:4      | Reached XP level 7. HP: 36/36 MP: 11/17
  4200 | D:4      | Noticed Natasha
  4203 | D:4      | Killed Natasha
  4297 | D:4      | Noticed Menkaure
  4311 | D:4      | Mangled by Menkaure

Vault maps used:
D:1:      giann_forest_graveyard
D:2:      lemuel_round_altar, chequers_temple_overflow_minitemple,
          chequers_ecumenical_altar_twisty, uniq_crazy_yiuf_cottage
D:3:      uniq_jessica
D:4:      nicolae_ru_sacrificial_ziggurat, temple_pool_b, st_stairs_1,
          corexii_leaking_fountain, kennysheep_generic_room_4, uniq_menkaure,
          uniq_eustachio, uniq_natasha
Temple:   zaba_magenta_temple

Skill      XL: |  1  2  3  4  5  6 |
---------------+-------------------+-----
Conjurations   | 5 6 7 |  7.6
Spellcasting   | 4 5 |  5.9
Translocations | 2 3 4 |  4.0
Dodging        | |  2.4
Stealth        | |  2.4

Action                   |  1- 3 |  4- 6 |  7- 9 || total
-------------------------+-------+-------+-------++-------
 Cast: Magic Dart        |    55 |    93 |    30 ||   178
       Iskenderun's Myst |       |     2 |     3 ||     5
       Searing Ray       |       |     3 |       ||     3
  Use: Scroll            |       |     8 |       ||     8
  Eat: Chunk             |     2 |     6 |     2 ||    10
Armor: Robe              |     3 |     2 |       ||     5
Dodge: Dodged            |     8 |    10 |    13 ||    31

Table legend:
 A = Spawn XP
 B = Non-spawn XP
 C = Spawn XP percentage of total XP
 D = Spawn monster count
 E = Non-spawn monster count
 F = Spawn count percentage of total count
 G = Total turns spent on level
                    A         B        C        D         E        F      G
               +---------+---------+-------+---------+---------+-------+---------
         Total |       0 |     913 |   0.0 |       0 |      65 |   0.0 |  4311
               +---------+---------+-------+---------+---------+-------+---------
           D:1 |       0 |       7 |   0.0 |       0 |       5 |   0.0 |   552
           D:2 |       0 |      90 |   0.0 |       0 |      20 |   0.0 |  1355
           D:3 |       0 |      85 |   0.0 |       0 |      14 |   0.0 |   990
           D:4 |       0 |     731 |   0.0 |       0 |      26 |   0.0 |  1337
               +---------+---------+-------+---------+---------+-------+---------
